 Dungeon Crawl Stone Soup version 0.19.1 (webtiles) character file.

11671 equalderp2856 the Ripper (level 11, 0/48 HPs)
             Began as a Felid Fighter on Nov 27, 2016.
             Killed by vampiric draining
             ... invoked by a vampire
              (11 damage)
             ... on level 11 of the Dungeon.
             The game lasted 01:24:53 (26590 turns).

equalderp2856 the Ripper (Felid Fighter)           Turns: 26590, Time: 01:24:54

Health: 0/48       AC:  3    Str: 14    XL:     11   Next: 52%
Magic:  23/23      EV: 29    Int: 12    God:
Gold:   686        SH:  0    Dex: 18    Spells: 1 memorised, 12 levels left
                                        Lives:  0   Deaths: 3

rFire  . . .     SeeInvis +       - Unarmed
rCold  + . .     Gourm    .     (armour unavailable)
rNeg   . . .     Faith    .     (shield unavailable)
rPois  .         Spirit   .     (helmet unavailable)
rElec  .         Reflect  .     (cloak unavailable)
rCorr  .         Harm     .     (gloves unavailable)
MR     +....                    (boots unavailable)
Stlth  ++++++....               (no amulet)
                                H - +2 ring of dexterity
                                v - ring of magical power

@: quick
A: no armour, no weapons or thrown items, stealth, claws 1, fangs 3, see
invisible, carnivore 3, speed 1, shaggy fur 3, slow metabolism 1, sharp paws
a: no special abilities


You were on level 11 of the Dungeon.
You were not hungry.

You visited 1 branch of the dungeon, and saw 12 of its levels.
You also visited: Sewer.

You collected 686 gold pieces.

Inventory:

Hand Weapons
 N - a +1 blowgun
Missiles
 h - 3 throwing nets
 C - 77 bolts
 E - 307 arrows
 O - 2 curare-tipped needles
Jewellery
 l - an uncursed ring of see invisible
 v - a ring of magical power (left paw)
 z - an uncursed ring of see invisible
 H - a +2 ring of dexterity (right paw)
Wands
 x - a wand of enslavement (7/24)
 F - a wand of flame (39/48)
 L - a wand of disintegration (17/24)
Scrolls
 d - 5 scrolls of enchant armour
 e - a scroll of magic mapping
 f - 7 scrolls of teleportation
 m - 5 scrolls of identify
 p - 3 scrolls of fog
 r - 8 scrolls of remove curse
 u - 2 scrolls of recharging
 y - 4 scrolls of enchant weapon
 K - a scroll of fear
Potions
 c - a potion of agility {unknown}
 g - a potion of haste
 j - 2 potions of degeneration
 k - 2 potions of curing
 n - a potion of flight
 o - a potion of lignification
 s - a potion of brilliance {unknown}
 w - 3 potions of cancellation
Books
 G - a book of Necromancy

   Spells                             Type                      Level
   a - Pain                           Necromancy                   1
   b - Animate Skeleton               Necromancy                   1
   c - Vampiric Draining              Necromancy                   3
   d - Regeneration                   Charms/Necromancy            3
   e - Animate Dead                   Necromancy                   4
   f - Control Undead                 Necromancy                   4
 I - a book of Power

   Spells                             Type                      Level
   a - Fulminant Prism                Conjuration/Hexes            4
   b - Iskenderun's Mystic Blast      Conjuration                  4
   c - Venom Bolt                     Conjuration/Poison           5
   d - Bolt of Magma                  Conjuration/Fire/Earth       5
   e - Iron Shot                      Conjuration/Earth            6
   f - Orb of Destruction             Conjuration                  7
   g - Spellforged Servitor           Conjuration/Summoning        7
Comestibles
 b - 3 meat rations
 i - a slice of pizza
 t - 8 bread rations
 A - 4 beef jerkies
 M - 5 fruits


   Skills:
 + Level 5.4 Fighting
 + Level 12.3 Dodging
 + Level 12.3 Stealth
 + Level 15.7 Unarmed Combat
 + Level 1.9 Spellcasting
 + Level 1.7 Necromancy
 + Level 0.2 Evocations


You had 12 spell levels left.
You knew the following spells:

 Your Spells              Type           Power        Failure   Level  Hunger
a - Animate Skeleton      Necr           N/A          14%         1    ##.....


Dungeon Overview and Level Annotations

Branches:
Dungeon (12/15)            Temple (0/1) D:7            Lair (0/6) D:8
    Orc (0/2) D:11

Altars:
Ashenzari
Cheibriados
Dithmenos
Elyvilon
Gozag
Hepliaklqana
Kikubaaqudgha
Makhleb
Okawaru
Qazlal
Sif Muna
Trog
Uskayaw
The Shining One

Shops:
D:9 (

Annotations:
D:5 Philosophy's ghost, novice HOFi
D:7 Blork the orc


Innate Abilities, Weirdness & Mutations

You cannot wear armour.
You are incapable of wielding weapons or throwing items.
Your paws allow you to move quietly. (Stealth)
You have sharp claws.
You have razor-sharp teeth.
You have supernaturally acute eyesight. (SInv)
You are carnivorous and can eat meat at any time.
You cover ground quickly.
Your thick and shaggy fur keeps you warm. (AC +3, rC+)
You have a slow metabolism.
Your sharp claws are effective at attacking unaware monsters.


Message History

The vampire draws strength from your injuries!
You claw the vampire!
The vampire is severely damaged.
The vampire completely misses you. The vampire bites you!
The vampire draws strength from your injuries!
You scratch the vampire. Your claw misses the vampire.
The vampire is severely damaged.
You scratch the vampire but do no damage.
You bite the vampire, but do no damage.
The vampire is severely damaged.
The vampire completely misses you. The vampire closely misses you.
You claw the vampire!
The vampire is almost destroyed.
The vampire is infused with unholy energy.
* * * LOW HITPOINT WARNING * * *
The vampire draws life force from you and is healed!
You completely miss the vampire.
The vampire is severely damaged.
The vampire is infused with unholy energy.
You die...

#.......# #.......# #.......#
############.......#####
#..........'.......'....
####'##########.......#####
#..............########
#..............############
#####...>....V@....)...........
#..................########...#
#......................# #...#
#......................# #...#
#.........#######......####...#
#..[......# #......##......
#.........# ###......##......
#.........# #......####......
########.## #......# #...[..


You could see a vampire (invisible).

Vanquished Creatures
  A hydra (D:12)
  A skeletal warrior (D:11)
  An unseen horror (D:11)
  A flayed ghost (D:12)
  A hill giant (D:11)
  A phantasmal warrior (D:12)
  2 cyclopes
  3 ugly things
  A manticore (D:11)
  Joseph (D:7)
  Maurice (D:8)
  3 centaur zombies (D:12)
  4 gargoyles
  5 trolls
  2 hornets
  Prince Ribbit (D:7)
  5 hippogriffs
  A vampire (D:12)
  A wraith (D:12)
  12 yaks
  2 steam dragons
  Menkaure (D:6)
  2 mottled dragons (D:12)
  Duvessa (D:7)
  7 orc warriors
  3 sky beasts
  An eye of draining (D:12)
  4 ice beasts
  7 phantoms
  3 necrophages
  8 ogres
  A black bear (D:10)
  4 wolves (D:8)
  9 centaurs
  A crocodile (D:9)
  11 big kobolds
  7 bullfrogs
  A wyvern zombie (D:12)
  A gnoll sergeant (D:9)
  5 scorpions
  Dowan (D:7)
  7 killer bees
  5 wights (D:9)
  3 howler monkeys
  An electric eel (D:8)
  5 crimson imps
  3 bullfrog zombies
  A quasit (D:11)
  5 jellies
  7 orc priests
  4 centaur skeletons
  3 bullfrog skeletons
  A gnoll shaman (D:10)
  8 hounds
  Ijyb (D:3)
  An iguana (D:6)
  12 orc wizards
  9 worker ants
  Robin (D:4)
  20 gnolls
  18 adders
  5 river rats (Sewer)
  3 shadow imps
  7 oozes
  An adder skeleton (D:7)
  A worm (Sewer)
  5 dart slugs
  6 leopard geckos
  35 orcs
  A ball python (Sewer)
  9 giant cockroaches
  12 hobgoblins
  9 jackals
  27 kobolds
  3 quokkas
  6 bats
  6 frilled lizards
  13 goblins
  A jackal zombie (D:7)
  2 leopard gecko skeletons
  A quokka skeleton (D:4)
  9 rats
405 creatures vanquished.

Vanquished Creatures (collateral kills)
  A hill giant (D:12)
1 creature vanquished.

Vanquished Creatures (others)
  A human (D:4)
  A quokka (D:3)
2 creatures vanquished.

Grand Total: 408 creatures vanquished

Notes
Turn   | Place    | Note
-------+----------+-------------------------------------------
     0 | D:1      | equalderp2856 the Felid Fighter began the quest for the Orb.
     0 | D:1      | Reached XP level 1. HP: 10/10 MP: 2/2
   173 | D:1      | Reached XP level 2. HP: 14/14 MP: 3/3
   434 | D:1      | Reached XP level 3. HP: 14/17 MP: 4/4
   750 | D:1      | Reached skill level 1 in Stealth
   901 | D:2      | Found a bloodstained altar of Trog.
  1078 | D:2      | Reached XP level 4. HP: 21/21 MP: 5/5
  1184 | D:2      | Reached skill level 5 in Unarmed Combat
  1210 | D:2      | Found a faded altar of an unknown god.
  1770 | D:2      | Found a stormy altar of Qazlal.
  2368 | D:2      | Found an ancient bone altar of Kikubaaqudgha.
  2592 | D:3      | Found a white marble altar of Elyvilon.
  2697 | D:3      | Reached XP level 5. HP: 24/24 MP: 6/6
  2732 | D:3      | Noticed Ijyb
  2780 | D:3      | Killed Ijyb
  2837 | D:3      | HP: 1/24 [orc wizard/magic dart (4)]
  3739 | D:4      | Found a glowing drain.
  3741 | D:4      | Noticed Robin
  3790 | D:3      | Slain by an adder
  3791 | D:3      | Reached XP level 4. HP: -1/21 MP: 5/5
  3826 | D:3      | Reached XP level 5. HP: 22/24 MP: 6/6
  3960 | D:4      | Reached skill level 6 in Unarmed Combat
  3980 | Sewer    | Entered a sewer
  4016 | Sewer    | Reached skill level 5 in Dodging
  4101 | Sewer    | Gained mutation: You are covered in thick fur. (AC +2) [Felid growth]
  4101 | Sewer    | Reached XP level 6. HP: 23/28 MP: 7/7
  4664 | Sewer    | Reached skill level 7 in Unarmed Combat
  4998 | Sewer    | Reached XP level 7. HP: 27/31 MP: 8/8
  5423 | D:4      | Found an ancient bone altar of Kikubaaqudgha.
  5423 | D:4      | Noticed a human
  5429 | D:4      | Killed a human
  5855 | D:4      | Killed Robin
  6100 | D:4      | Reached skill level 8 in Unarmed Combat
  6756 | D:5      | Entered Level 5 of the Dungeon
  6905 | D:5      | Reached skill level 5 in Stealth
  7343 | D:5      | Noticed Philosophy's ghost (novice HOFi)
  7348 | D:5      | Reached XP level 8. HP: 36/36 MP: 9/9
  7604 | D:6      | Noticed a troll
  7618 | D:6      | Reached skill level 9 in Unarmed Combat
  7701 | D:6      | Found an opulent altar of Gozag.
  7809 | D:6      | Noticed Menkaure
  7814 | D:6      | Mangled by Menkaure
  7815 | D:6      | Reached XP level 7. HP: -8/32 MP: 8/8
  8278 | D:6      | Found a white marble altar of Elyvilon.
  8354 | D:6      | Reached XP level 8. HP: 26/36 MP: 9/9
  8533 | D:6      | Found a glowing golden altar of the Shining One.
  8784 | D:7      | Noticed Duvessa
  8832 | D:5      | Found a snail-covered altar of Cheibriados.
  8996 | D:5      | Found an iron altar of Okawaru.
  9089 | D:6      | Killed Menkaure
  9089 | D:6      | Reached skill level 10 in Unarmed Combat
  9355 | D:7      | Noticed Dowan
  9373 | D:7      | Noticed Prince Ribbit
  9405 | D:7      | Killed Prince Ribbit
  9436 | D:7      | Killed a troll
  9436 | D:7      | Reached XP level 9. HP: 29/39 MP: 10/10
  9580 | D:7      | Noticed Joseph
  9582 | D:7      | Found a staircase to the Ecumenical Temple.
  9796 | D:7      | Killed Joseph
  9796 | D:7      | Reached skill level 11 in Unarmed Combat
 10384 | D:7      | Found a stormy altar of Qazlal.
 10707 | D:7      | Found a shadowy altar of Dithmenos.
 11194 | D:8      | Found a hide-covered altar of Uskayaw.
 11273 | D:8      | Reached skill level 10 in Dodging
 11273 | D:8      | Reached XP level 10. HP: 42/43 MP: 11/11
 11282 | D:8      | Reached skill level 12 in Unarmed Combat
 11521 | D:8      | Noticed Maurice
 12810 | D:8      | Found a staircase to the Lair.
 13419 | D:9      | Found a burning altar of Makhleb.
 13716 | D:9      | Found a hazy altar of Hepliaklqana.
 14296 | D:8      | Killed Maurice
 15358 | D:9      | Found Kikhleleo's Antique Weapon Shoppe.
 15435 | D:9      | Reached skill level 13 in Unarmed Combat
 15522 | D:9      | Found a shattered altar of Ashenzari.
 16597 | D:9      | Learned a level 1 spell: Animate Skeleton
 16673 | D:9      | Reached skill level 10 in Stealth
 16673 | D:9      | Reached XP level 11. HP: 31/46 MP: 10/12
 17136 | D:10     | Entered Level 10 of the Dungeon
 18119 | D:11     | Reached skill level 1 in Spellcasting
 18259 | D:11     | Noticed an unseen horror
 18264 | D:11     | Killed an unseen horror
 18307 | D:11     | Reached skill level 1 in Necromancy
 18354 | D:11     | Noticed a hill giant
 18375 | D:11     | Killed a hill giant
 18375 | D:11     | Reached skill level 5 in Fighting
 18443 | D:11     | Found a staircase to the Orcish Mines.
 19199 | D:10     | Reached skill level 14 in Unarmed Combat
 21069 | D:7      | Noticed Blork the orc
 21226 | D:7      | Killed Dowan
 21389 | D:7      | Killed Duvessa
 21518 | D:7      | Found a deep blue altar of Sif Muna.
 23144 | D:12     | Noticed a white ugly thing
 23168 | D:11     | Killed a white ugly thing
 23328 | D:12     | Noticed a hill giant
 23489 | D:12     | Noticed a skeletal warrior
 23490 | D:12     | Noticed a skeletal warrior
 23512 | D:12     | Noticed a skeletal warrior
 23530 | D:12     | Noticed a skeletal warrior
 23926 | D:11     | Killed a skeletal warrior
 24197 | D:12     | Gained mutation: Your thick and shaggy fur keeps you warm. (AC +3, rC+) [Felid growth]
 24197 | D:12     | Reached XP level 12. HP: 15/51 MP: 15/15
 24607 | D:12     | Reached skill level 15 in Unarmed Combat
 24750 | D:12     | Noticed a seven-headed hydra
 24755 | D:12     | Killed a seven-headed hydra
 25596 | D:12     | Noticed a catoblepas
 25597 | D:12     | Noticed a yaktaur captain
 26073 | D:12     | Slain by a catoblepas
 26074 | D:12     | Reached XP level 11. HP: -2/48 MP: 23/23
 26590 | D:11     | Killed from afar by a vampire

Skill      XL: |  1  2  3  4  5  6  7  8  9 10 11 12 |
---------------+-------------------------------------+-----
Stealth        | 1 4 3 5 7 8 10 11 12 | 12.3
Unarmed Combat | 5 6 7 8 10 11 13 14 15 | 15.7
Dodging        | 5 8 7 10 11 12 | 12.3
Fighting       | 4 5 |  5.4
Spellcasting   | 1 |  1.9
Necromancy     | 1 |  1.7
Evocations     | |  0.2

Action                   |  1- 3 |  4- 6 |  7- 9 | 10-12 || total
-------------------------+-------+-------+-------+-------++-------
Melee: Unarmed           |    93 |   296 |   423 |   759 ||  1571
       Bite              |    10 |    34 |    50 |    87 ||   181
       Punch             |     2 |     8 |    17 |    54 ||    81
 Cast: Animate Skeleton  |       |       |       |    11 ||    11
Evoke: Wand              |       |       |       |     3 ||     3
  Use: Potion            |       |     4 |     4 |     2 ||    10
       Scroll            |       |       |       |    16 ||    16
 Stab: Sleeping          |     4 |     7 |    15 |    28 ||    54
       Distracted        |       |       |     1 |     6 ||     7
  Eat: Chunk             |     7 |     6 |     7 |    16 ||    36
       Pizza             |       |       |     1 |       ||     1
       Beef jerky        |       |       |     3 |     2 ||     5
       Meat ration       |       |       |       |     1 ||     1
Armor: Skin              |     7 |    10 |     6 |    14 ||    37
Dodge: Dodged            |    71 |   217 |   324 |   555 ||  1167
